 Dungeon Crawl Stone Soup version 0.27.0-1-g7a089689b8 (webtiles) character file.

Game seed: 2189599057309185912

2504 inmateoo the Cleaver (level 9, -3/82 HPs)
             Began as a Minotaur Warper on Aug 13, 2021.
             Killed from afar by Maggie (15 damage)
             ... with a bolt of fire
             ... on level 6 of the Dungeon.
             The game lasted 00:04:59 (6551 turns).

inmateoo the Cleaver (Minotaur Warper)              Turns: 6551, Time: 00:04:59

Health: -3/82      AC: 15    Str: 19 (20) XL:     9   Next: 28%
Magic:  10/10      EV:  6    Int:  8 (10) God:
Gold:   182        SH:  0    Dex:  7 (9)  Spells: 10/10 levels left

rFire    . . .     SeeInvis .   w - +1 trident (venom)
rCold    . . .     Faith    .   (no shield)
rNeg     + . .     Spirit   .   g - +0 plate armour
rPois    +         Reflect  .   (helmet restricted)
rElec    .         Harm     .   n - +0 cloak
rCorr    .         Rampage  .   (no gloves)
Will     .....                  h - +1 pair of boots
Stlth    ..........             (no amulet)
HPRegen  0.23/turn              m - ring of poison resistance
MPRegen  0.12/turn              j - ring of positive energy

@: brilliant, mesmerised
A: horns 2, retaliatory headbutt
a: no special abilities


You were on level 6 of the Dungeon.
You visited 1 branch of the dungeon, and saw 6 of its levels.

You collected 182 gold pieces.

Inventory:

Hand Weapons
 a - a +1 hand axe of protection
 l - a +4 flail of holy wrath
 w - a +1 trident of venom (weapon)
Missiles
 d - 5 boomerangs of dispersal (quivered)
Armour
 g - a +0 plate armour (worn)
 h - a +1 pair of boots (worn)
 n - a +0 cloak (worn)
Jewellery
 j - a ring of positive energy (right hand)
 m - a ring of poison resistance (left hand)
Scrolls
 c - 2 scrolls of blinking
 k - a scroll of holy word {unknown}
 p - a scroll of teleportation {unknown}
 q - a scroll of amnesia {unknown}
 s - a scroll of fog
 t - a scroll of summoning {unknown}
Potions
 b - a potion of haste
 e - a potion of might
 i - a potion of heal wounds {unknown}
 o - a potion of degeneration
 r - a potion of brilliance
 v - a potion of resistance {unknown}


   Skills:
 + Level 8.9 Fighting
 * Level 11.2 Axes
 - Level 1.0 Throwing
 + Level 3.9 Armour
 + Level 4.1 Dodging
 - Level 1.3 Spellcasting
 - Level 2.1 Translocations


You had 10 spell levels left.
You didn't know any spells.
Your spell library contained the following spells:

 Spells                   Type           Power      Damage    Failure   Level
 Freeze                   Ice            0%         1d3       100%        1
 Sandblast                Erth           0%         2d4       100%        1
 Blink                    Tloc           N/A        N/A       100%        2
 Passwall                 Tmut/Erth      0%         N/A       100%        2
 Frozen Ramparts          Ice            0%         1d2       100%        3
 Gell's Gravitas          Tloc           3%         N/A       100%        3
 Lesser Beckoning         Tloc           3%         N/A       100%        3
 Teleport Other           Tloc           6%         N/A       100%        3
 Hailstorm                Conj/Ice       0%         3d3       100%        4
 Lee's Rapid Deconstruct  Erth           0%         3d5*      100%        5
 Manifold Assault         Tloc           6%         N/A       100%        5


Dungeon Overview and Level Annotations

Branches:
Dungeon (6/15)
 Temple: D:4-7

Altars:
Xom

Annotations:
D:5 1 runed translucent door, RatCamp's ghost, amateur PaFi
D:6 3 runed translucent doors, Maggie; windycow's ghost, novice PaFi


Innate Abilities, Weirdness & Mutations

You have a pair of horns on your head.
You reflexively headbutt those who attack you in melee.


Message History

It was a potion of degeneration.
There was something very wrong with that liquid.
You feel weakened.
You feel dopey.
You feel clumsy. Maggie hits you but does no damage.
It was a potion of brilliance.
You feel clever all of a sudden. Maggie hits you but does no damage.
You puncture Maggie!
Maggie is almost dead.
The centaur zombie hits you.
* * * LOW HITPOINT WARNING * * *
The centaur zombie barely misses you.
Maggie points at you and mumbles some strange words.
The bolt of fire hits you.
* * * LOW HITPOINT WARNING * * *
You feel better. The centaur zombie closely misses you.
You furiously retaliate!
You headbutt the centaur zombie!
The centaur zombie kicks you but does no damage.
The centaur zombie barely misses you. You furiously retaliate!
You headbutt the centaur zombie!
The centaur zombie kicks you but does no damage.
Maggie practices a pose.
Maggie hits you with a +1 long sword of flaming.
* * * LOW HITPOINT WARNING * * *
Maggie burns you.
* * * LOW HITPOINT WARNING * * *
You feel better.
The centaur zombie hits you but does no damage.
The centaur zombie kicks you but does no damage.
Maggie hits you with a +1 long sword of flaming!
* * * LOW HITPOINT WARNING * * *
Maggie burns you.
* * * LOW HITPOINT WARNING * * *
You hit Maggie. Your headbutt misses Maggie.
Maggie is almost dead.
The centaur zombie hits you but does no damage.
The centaur zombie kicks you but does no damage.
Maggie casts a spell at you. The bolt of fire hits you!
You die...

#. #.. . ..# ..# .#. ..
#. #. .#...#.. #.. . .#
..# ..#...#...#...#..
...#...#...#...#.).#....
.#...#...#...#..)#...#..
...#...#...#[..#@Z.#....
.#...#...#...#..@....#
...#...#...#...#.).#....
.#...#...#...#)..#...# .
...#...#...#†.)#...#....
.#...#...#...#...#......
#..#...#...#...#...#....
###..#...#...#...#......
###..#...#...#.....##
###..#...#.....###


You could see Maggie (mesmerising, very poisoned) and a centaur zombie.

Vanquished Creatures
  A two-headed ogre (D:6)
  Sigmund (D:6)
  Menkaure (D:4)
  Edmund (D:3)
  A sky beast (D:5)
  A black bear (D:5)
  2 ogres
  A necrophage (D:6)
  2 centaurs (D:5)
  A kobold brigand (D:6)
  4 scorpions
  4 wights (D:6)
  A howler monkey (D:5)
  An orc priest (D:6)
  3 hounds
  A jelly (D:4)
  An iguana (D:4)
  2 orc wizards
  A killer bee zombie (D:6)
  4 adders
  A white imp (D:6)
  4 worms
  3 dart slugs
  6 orcs
  6 ball pythons
  8 bats
  3 endoplasms
  3 giant cockroaches
  4 goblins
  5 hobgoblins
  2 jackals (D:4)
  7 kobolds
  A quokka (D:4)
  3 frilled lizards
  3 rats
  A butterfly (D:5)
94 creatures vanquished.

Vanquished Creatures (others)
  A white imp (D:6)
1 creature vanquished.

Grand Total: 95 creatures vanquished

Notes
Turn   | Place    | Note
-------+----------+-------------------------------------------
     0 | D:1      | inmateoo the Minotaur Warper began the quest for the Orb.
     0 | D:1      | Reached XP level 1. HP: 18/18 MP: 1/1
   284 | D:1      | Reached XP level 2. HP: 16/25 MP: 3/3
   288 | D:1      | Found a faded altar of an unknown god.
   561 | D:1      | Reached skill level 3 in Axes
  1393 | D:2      | Reached XP level 3. HP: 21/31 MP: 4/4
  2377 | D:3      | Reached skill level 4 in Axes
  2410 | D:3      | Reached XP level 4. HP: 33/40 MP: 5/5
  3140 | D:4      | Noticed Edmund
  3152 | D:3      | Killed Edmund
  3153 | D:3      | Reached skill level 5 in Axes
  3153 | D:3      | Reached XP level 5. HP: 15/47 MP: 6/6
  3372 | D:4      | Noticed Menkaure
  3379 | D:4      | Reached skill level 5 in Fighting
  3384 | D:4      | Killed Menkaure
  3385 | D:4      | Reached skill level 6 in Axes
  3385 | D:4      | Reached XP level 6. HP: 49/56 MP: 7/7
  4042 | D:4      | Reached skill level 7 in Axes
  4210 | D:5      | Entered Level 5 of the Dungeon
  4240 | D:4      | Reached XP level 7. HP: 38/63 MP: 8/8
  4622 | D:5      | Reached skill level 8 in Axes
  4865 | D:5      | Found a shimmering altar of Xom.
  4940 | D:5      | Found a runed translucent door.
  4942 | D:5      | Noticed RatCamp's ghost (amateur PaFi)
  5108 | D:5      | Reached skill level 9 in Axes
  5475 | D:6      | Reached XP level 8. HP: 54/73 MP: 9/9
  5847 | D:6      | Noticed a two-headed ogre
  6156 | D:6      | Found a runed translucent gate.
  6157 | D:6      | Found a runed translucent gate.
  6158 | D:6      | Found a runed translucent gate.
  6165 | D:6      | Reached skill level 10 in Axes
  6170 | D:6      | Killed a two-headed ogre
  6171 | D:6      | Reached XP level 9. HP: 59/82 MP: 10/10
  6175 | D:6      | Noticed windycow's ghost (novice PaFi)
  6445 | D:6      | Reached skill level 11 in Axes
  6528 | D:6      | Noticed Maggie
  6529 | D:6      | Noticed Sigmund
  6535 | D:6      | Killed Sigmund
  6551 | D:6      | Killed from afar by Maggie

Illustrated notes

Levels and vault maps discovered:
D:1:      matt_arrival_spirals, layout_loops_ring, ebering_ecumenical_altar_box,
          minmay_hedge_maze
D:2:      layout_loops_ring
D:3:      layout_basic
D:4:      layout_loops_cross, uniq_edmund, uniq_menkaure
D:5:      layout_loops_ring, xom_butterflies, ebering_ghost_reflecting_pool
D:6:      layout_basic, gammafunk_ghost_necromancy, hex_large, lightli_minifort,
          uniq_maggie, uniq_sigmund

Skill      XL: |  1  2  3  4  5  6  7  8  9 |
---------------+----------------------------+-----
Fighting       | 3 4 5 6 7 8 |  8.9
Axes           | 3 4 5 6 7 9 10 11 | 11.2
Armour         | 3 |  3.9
Dodging        | 3 4 |  4.1
Throwing       | |  1.0
Spellcasting   | |  1.3
Translocations | |  2.1

Action                   |  1- 3 |  4- 6 |  7- 9 || total
-------------------------+-------+-------+-------++-------
Melee: Hand axe          |   114 |    72 |    85 ||   271
       Headbutt          |    14 |    10 |    21 ||    45
       Flail             |       |     3 |    17 ||    20
       Trident           |       |       |    48 ||    48
Evoke: Wand              |       |       |     5 ||     5
  Use: Scroll            |     1 |     6 |       ||     7
       Potion            |       |     1 |     5 ||     6
Armor: Plate armour      |    84 |    51 |   127 ||   262
       Leather armour    |     3 |       |       ||     3
Dodge: Dodged            |    20 |    17 |    39 ||    76
